General information
- name: BNet
- type: Ladder team game (AT/RT)
- host: Battle.net
- saver: IMJAMESBEOND.
map: GolemsInTheMist
- players: 8
- length: 42:08
- speed: Fast
- version: 1.26 W3XP
- replay type: Public
» download(243 KB)
Players
team 1 (loser)

»
Twos (
green | 31 APM | 1300 actions | 42:05)
3 Priestess of the Moon
1 Searing Arrows
2 Trueshot Aura
» actions
| Assign group hotkey | 10 | |
| Basic commands | 92 | |
| Build / train | 65 | |
| Enter build submenu | 20 | |
| Enter hero's abilities submenu | 3 | |
| Remove unit from queue | 5 | |
| Right click | 779 | |
| Select / deselect | 269 | |
| Select group hotkey | 15 | |
| Use ability | 42 | |
1300 total
» units
| Wisp | 30 | |
| Huntress | 9 | |
| Glaive Thrower | 1 | |
| Hippogryph | 3 | |
| Druid of the Talon | 1 | |
44 total
» upgrades
| Strength of the Wild | 1 | |
| Reinforced Hides | 1 | |
| Druid of the Talon Training | 1 | |
3 total
» buildings
| Altar of Elders | 2 | |
| Moon Well | 7 | |
| Hunter's Hall | 2 | |
| Ancient of War | 2 | |
| Tree of Ages | 4 | |
| Tree of Eternity | 1 | |
| Ancient of Wind | 2 | |
| Chimaera Roost | 1 | |
| Arcane Tower | 1 | |
| Tree of Life | 1 | |
23 total
» build order
00:06 Altar of Elders
00:20 Moon Well
01:23 Hunter's Hall
01:37 Ancient of War
01:55 Ancient of War
02:09 Moon Well
03:18 Tree of Ages
03:19 Tree of Ages
04:50 Moon Well
06:45 Tree of Eternity
07:12 Moon Well
08:59 Ancient of Wind
09:16 Moon Well
09:17 Moon Well
09:18 Moon Well
10:06 Chimaera Roost
11:34 Ancient of Wind
13:04 Arcane Tower
15:57 Tree of Life
20:39 Hunter's Hall
20:45 Altar of Elders
22:15 Tree of Ages
» items
| Ivory Tower | 1 | |
| Potion of Healing | 1 | |
2 total

»
choimungu (
red | 59 APM | 2500 actions | 42:05)
4 Blood Mage
2 Flame Strike
1 Banish
1 Siphon Mana
» actions
| Assign group hotkey | 42 | |
| Basic commands | 144 | |
| Build / train | 111 | |
| ESC pressed | 3 | |
| Enter build submenu | 29 | |
| Enter hero's abilities submenu | 4 | |
| Remove unit from queue | 4 | |
| Right click | 639 | |
| Select / deselect | 618 | |
| Select group hotkey | 802 | |
| Use ability | 104 | |
2500 total
» units
| Peasant | 23 | |
| Footman | 8 | |
| Goblin Shredder | 2 | |
| Goblin Zeppelin | 1 | |
| Gryphon Rider | 6 | |
| Knight | 2 | |
| Dragonhawk Rider | 2 | |
44 total
» upgrades
| Defend | 1 | |
| Masonry | 3 | |
| Swords | 3 | |
| Gunpowder | 0 | |
| Armor | 3 | |
| Storm Hammers | 1 | |
| Animal War Training | 1 | |
| Cloud | 1 | |
13 total
» buildings
| Altar of Kings | 1 | |
| Farm | 11 | |
| Barracks | 3 | |
| Town Hall | 2 | |
| Arcane Vault | 1 | |
| Scout Tower | 19 | |
| Arcane Tower | 2 | |
| Lumber Mill | 1 | |
| Keep | 1 | |
| Blacksmith | 1 | |
| Guard Tower | 12 | |
| Castle | 1 | |
| Gryphon Aviary | 4 | |
59 total
» build order
00:09 Altar of Kings
00:19 Farm
00:23 Farm
00:35 Barracks
01:33 Farm
03:39 Town Hall
03:54 Arcane Vault
04:12 Farm
04:51 Scout Tower
05:25 Arcane Tower
05:25 Arcane Tower
05:26 Barracks
05:54 Barracks
06:16 Lumber Mill
06:22 Keep
06:57 Blacksmith
07:14 Scout Tower
07:21 Scout Tower
07:23 Scout Tower
07:23 Scout Tower
07:32 Scout Tower
07:49 Guard Tower
08:37 Guard Tower
08:37 Guard Tower
08:40 Guard Tower
08:42 Guard Tower
08:57 Castle
09:13 Farm
09:18 Scout Tower
09:56 Farm
09:56 Farm
09:56 Farm
09:58 Farm
09:58 Farm
10:03 Gryphon Aviary
10:04 Gryphon Aviary
10:06 Gryphon Aviary
10:07 Gryphon Aviary
10:20 Guard Tower
15:31 Scout Tower
15:31 Scout Tower
15:31 Scout Tower
15:32 Scout Tower
15:34 Scout Tower
15:35 Scout Tower
16:30 Guard Tower
16:30 Guard Tower
16:32 Guard Tower
16:39 Town Hall
18:06 Scout Tower
18:07 Scout Tower
18:07 Scout Tower
19:27 Guard Tower
19:28 Guard Tower
19:29 Guard Tower
20:17 Scout Tower
20:18 Scout Tower
20:18 Scout Tower
» items
| Scroll of Regeneration | 7 | |
| Scroll of Town Portal | 2 | |
| Lesser Clarity Potion | 2 | |
| Potion of Healing | 5 | |
16 total
BanditsOf4v4RT (
pink | 90 APM | 3802 actions | 42:05)
8 Blood Mage
3 Flame Strike
3 Banish
1 Summon Phoenix
1 Siphon Mana
» actions
| Assign group hotkey | 107 | |
| Basic commands | 475 | |
| Build / train | 189 | |
| ESC pressed | 3 | |
| Enter build submenu | 44 | |
| Enter hero's abilities submenu | 8 | |
| Give item / drop item | 4 | |
| Remove unit from queue | 4 | |
| Right click | 1319 | |
| Select / deselect | 501 | |
| Select group hotkey | 956 | |
| Use ability | 192 | |
3802 total
» units
| Peasant | 13 | |
| Footman | 4 | |
| Goblin Shredder | 5 | |
| Goblin Zeppelin | 1 | |
| Gryphon Rider | 8 | |
| Goblin Sapper | 9 | |
| Dragonhawk Rider | 3 | |
43 total
» upgrades
| Lumber Harvesting | 2 | |
| Masonry | 3 | |
| Swords | 3 | |
| Armor | 3 | |
| Animal War Training | 1 | |
| Storm Hammers | 1 | |
| Cloud | 1 | |
| Plating | 1 | |
| Gunpowder | 1 | |
| Backpack | 1 | |
| Defend | 1 | |
| Long Rifles | 1 | |
19 total
» buildings
| Altar of Kings | 1 | |
| Barracks | 1 | |
| Farm | 14 | |
| Arcane Vault | 1 | |
| Keep | 3 | |
| Town Hall | 1 | |
| Lumber Mill | 1 | |
| Scout Tower | 28 | |
| Castle | 4 | |
| Guard Tower | 49 | |
| Blacksmith | 2 | |
| Gryphon Aviary | 5 | |
110 total
» build order
00:36 Altar of Kings
00:40 Barracks
00:51 Farm
01:06 Farm
01:33 Farm
02:18 Farm
02:27 Arcane Vault
03:08 Farm
04:16 Keep
04:16 Keep
04:46 Town Hall
05:58 Lumber Mill
06:02 Scout Tower
06:04 Scout Tower
06:44 Scout Tower
06:44 Scout Tower
06:45 Scout Tower
06:52 Castle
06:52 Castle
06:53 Castle
07:16 Guard Tower
07:16 Guard Tower
07:17 Guard Tower
07:18 Guard Tower
07:18 Guard Tower
07:39 Guard Tower
09:12 Blacksmith
09:14 Scout Tower
09:18 Scout Tower
09:21 Blacksmith
09:26 Gryphon Aviary
09:28 Gryphon Aviary
10:05 Guard Tower
10:06 Guard Tower
10:06 Guard Tower
11:45 Guard Tower
11:46 Guard Tower
18:02 Gryphon Aviary
18:04 Gryphon Aviary
18:05 Gryphon Aviary
18:32 Farm
18:33 Farm
18:33 Farm
18:34 Farm
18:36 Farm
18:36 Farm
19:24 Farm
19:25 Farm
19:28 Farm
25:04 Scout Tower
25:05 Scout Tower
25:05 Scout Tower
25:06 Scout Tower
25:08 Scout Tower
25:09 Scout Tower
25:11 Scout Tower
25:15 Scout Tower
25:19 Scout Tower
25:20 Scout Tower
25:20 Scout Tower
25:24 Scout Tower
25:25 Scout Tower
25:26 Scout Tower
25:26 Scout Tower
25:28 Scout Tower
25:28 Scout Tower
25:30 Scout Tower
25:42 Guard Tower
25:43 Guard Tower
25:43 Guard Tower
25:52 Guard Tower
25:52 Guard Tower
25:59 Guard Tower
26:00 Guard Tower
26:00 Guard Tower
26:02 Guard Tower
26:02 Guard Tower
26:03 Guard Tower
26:07 Guard Tower
26:07 Guard Tower
26:07 Guard Tower
26:11 Guard Tower
26:11 Guard Tower
26:15 Guard Tower
26:15 Guard Tower
26:26 Scout Tower
26:29 Scout Tower
26:30 Scout Tower
26:46 Guard Tower
26:46 Guard Tower
27:00 Guard Tower
27:01 Guard Tower
27:01 Guard Tower
27:02 Guard Tower
27:02 Guard Tower
27:02 Guard Tower
» items
| Mechanical Critter | 4 | |
| Scroll of Regeneration | 5 | |
| Lesser Clarity Potion | 6 | |
| Scroll of Town Portal | 7 | |
| Orb of Fire | 1 | |
| Ivory Tower | 5 | |
| Potion of Mana | 2 | |
| Potion of Healing | 2 | |
32 total
Crossed.Keys (
orange | 37 APM | 1538 actions | 42:05)
10 Archmage
3 Summon Water Elemental
3 Brilliance Aura
1 Mass Teleport
3 Blizzard
» actions
| Assign group hotkey | 83 | |
| Basic commands | 74 | |
| Build / train | 66 | |
| Enter build submenu | 34 | |
| Enter hero's abilities submenu | 10 | |
| Give item / drop item | 5 | |
| Remove unit from queue | 2 | |
| Right click | 644 | |
| Select / deselect | 366 | |
| Select group hotkey | 150 | |
| Use ability | 104 | |
1538 total
» units
| Peasant | 14 | |
| Footman | 4 | |
| Goblin Shredder | 1 | |
| Gryphon Rider | 4 | |
| Goblin Sapper | 3 | |
26 total
» upgrades
| Storm Hammers | 1 | |
| Swords | 3 | |
| Armor | 3 | |
| Animal War Training | 1 | |
| Masonry | 3 | |
| Cloud | 1 | |
12 total
» buildings
| Altar of Kings | 1 | |
| Barracks | 1 | |
| Farm | 8 | |
| Arcane Vault | 3 | |
| Keep | 1 | |
| Lumber Mill | 1 | |
| Town Hall | 2 | |
| Scout Tower | 17 | |
| Guard Tower | 6 | |
| Castle | 1 | |
| Gryphon Aviary | 5 | |
| Blacksmith | 2 | |
48 total
» build order
00:37 Altar of Kings
00:40 Barracks
00:52 Farm
00:57 Farm
01:41 Farm
01:44 Farm
03:48 Farm
03:51 Arcane Vault
04:01 Keep
04:56 Lumber Mill
05:02 Farm
05:34 Town Hall
05:37 Scout Tower
05:38 Scout Tower
05:38 Scout Tower
05:39 Scout Tower
05:42 Scout Tower
05:42 Scout Tower
05:43 Scout Tower
05:44 Scout Tower
05:57 Arcane Vault
06:07 Arcane Vault
06:27 Guard Tower
06:27 Guard Tower
06:45 Guard Tower
06:58 Scout Tower
07:01 Guard Tower
07:07 Castle
07:25 Guard Tower
08:03 Gryphon Aviary
08:04 Gryphon Aviary
08:05 Gryphon Aviary
08:07 Gryphon Aviary
08:11 Gryphon Aviary
08:16 Blacksmith
08:20 Blacksmith
08:27 Farm
09:52 Guard Tower
10:50 Scout Tower
10:50 Scout Tower
10:51 Scout Tower
10:55 Scout Tower
10:56 Scout Tower
10:57 Scout Tower
10:57 Scout Tower
10:58 Scout Tower
13:01 Guard Tower
23:14 Town Hall
33:50 Farm
» items
| Scroll of Town Portal | 1 | |
| Potion of Healing | 2 | |
| Scroll of Regeneration | 2 | |
| Staff of Sanctuary | 1 | |
6 total
team 2 (winner)
Gn[o]me (
purple | 95 APM | 1678 actions | 17:41)
4 Archmage
2 Summon Water Elemental
2 Brilliance Aura
3 Mountain King
2 Storm Bolt
1 Bash
» actions
| Assign group hotkey | 26 | |
| Basic commands | 163 | |
| Build / train | 55 | |
| ESC pressed | 1 | |
| Enter build submenu | 14 | |
| Enter hero's abilities submenu | 7 | |
| Give item / drop item | 2 | |
| Right click | 694 | |
| Select / deselect | 401 | |
| Select group hotkey | 241 | |
| Use ability | 74 | |
1678 total
» units
| Peasant | 17 | |
| Footman | 13 | |
| Priest | 3 | |
| Sorceress | 2 | |
35 total
» buildings
| Altar of Kings | 1 | |
| Barracks | 1 | |
| Farm | 7 | |
| Arcane Vault | 1 | |
| Keep | 3 | |
| Arcane Sanctum | 2 | |
| Lumber Mill | 1 | |
| Scout Tower | 1 | |
17 total
» build order
00:07 Altar of Kings
00:22 Barracks
00:37 Farm
01:08 Farm
01:47 Farm
02:12 Farm
03:00 Arcane Vault
03:26 Keep
03:26 Keep
05:08 Farm
05:58 Arcane Sanctum
06:03 Lumber Mill
07:00 Arcane Sanctum
09:38 Farm
10:06 Farm
10:22 Scout Tower
» items

»
koolfi (
yellow | 46 APM | 839 actions | 18:20)
2 Blademaster
1 Wind Walk
1 Critical Strike
» actions
| Assign group hotkey | 4 | |
| Basic commands | 44 | |
| Build / train | 54 | |
| Enter build submenu | 29 | |
| Enter hero's abilities submenu | 2 | |
| Remove unit from queue | 4 | |
| Right click | 372 | |
| Select / deselect | 240 | |
| Select group hotkey | 25 | |
| Use ability | 65 | |
839 total
» units
| Peon | 20 | |
| Grunt | 4 | |
| Spirit Walker | 1 | |
| Shaman | 3 | |
| Tauren | 2 | |
30 total
» upgrades
| Armor | 3 | |
| Shaman Training | 2 | |
| Reinforced Defenses | 1 | |
6 total
» buildings
| Orc Burrow | 4 | |
| Altar of Storms | 1 | |
| Voodoo Lounge | 1 | |
| Stronghold | 1 | |
| Barracks | 1 | |
| War Mill | 1 | |
| Fortress | 3 | |
| Spirit Lodge | 1 | |
| Watch Tower | 16 | |
| Tauren Totem | 2 | |
| Beastiary | 1 | |
32 total
» build order
00:37 Orc Burrow
00:40 Altar of Storms
01:24 Voodoo Lounge
01:54 Orc Burrow
02:44 Stronghold
02:51 Barracks
03:12 War Mill
04:23 Orc Burrow
05:05 Fortress
05:06 Fortress
05:26 Spirit Lodge
06:56 Watch Tower
07:01 Watch Tower
07:18 Watch Tower
07:20 Watch Tower
08:14 Watch Tower
08:17 Watch Tower
08:56 Tauren Totem
10:11 Tauren Totem
11:29 Watch Tower
11:34 Watch Tower
12:00 Watch Tower
12:01 Watch Tower
12:53 Watch Tower
13:13 Watch Tower
13:16 Watch Tower
14:36 Watch Tower
14:44 Watch Tower
14:47 Watch Tower
15:52 Orc Burrow
15:56 Beastiary
» items
| Healing Salve | 1 | |
| Lesser Clarity Potion | 3 | |
| Tiny Great Hall | 2 | |
| Scroll of Speed | 1 | |
| Orb of Lightning | 1 | |
| Scroll of Town Portal | 1 | |
| Potion of Healing | 1 | |
| Potion of Mana | 1 | |
11 total
IMJAMESBEOND. (
teal | 47 APM | 1993 actions | 42:08)
6 Far Seer
3 Feral Spirit
2 Chain Lighting
1 Earth Quake
» actions
| Assign group hotkey | 58 | |
| Basic commands | 20 | |
| Build / train | 68 | |
| Enter build submenu | 15 | |
| Enter hero's abilities submenu | 6 | |
| Give item / drop item | 1 | |
| Right click | 877 | |
| Select / deselect | 332 | |
| Select group hotkey | 446 | |
| Use ability | 170 | |
1993 total
» units
| Peon | 11 | |
| Goblin Shredder | 5 | |
| Goblin Zeppelin | 2 | |
| Wind Rider | 2 | |
| Troll Batrider | 12 | |
| Goblin Sapper | 4 | |
| Kodo Beast | 10 | |
46 total
» upgrades
| Ranged Weapons | 3 | |
| Reinforced Defenses | 1 | |
| Armor | 1 | |
| Liquid Fire | 1 | |
6 total
» buildings
| Altar of Storms | 1 | |
| Orc Burrow | 6 | |
| War Mill | 1 | |
| Watch Tower | 18 | |
| Stronghold | 1 | |
| Beastiary | 3 | |
| Fortress | 2 | |
| Great Hall | 1 | |
| Voodoo Lounge | 1 | |
34 total
» build order
00:15 Altar of Storms
00:24 Orc Burrow
00:56 War Mill
01:33 Orc Burrow
02:13 Watch Tower
02:15 Watch Tower
02:17 Watch Tower
03:12 Stronghold
04:35 Orc Burrow
04:35 Orc Burrow
05:15 Watch Tower
05:17 Watch Tower
05:17 Watch Tower
05:17 Watch Tower
05:18 Watch Tower
06:39 Beastiary
06:43 Beastiary
06:58 Fortress
06:58 Fortress
10:03 Great Hall
10:06 Watch Tower
10:06 Watch Tower
10:07 Watch Tower
10:08 Watch Tower
10:08 Watch Tower
10:08 Watch Tower
10:11 Watch Tower
10:12 Watch Tower
10:12 Watch Tower
10:14 Watch Tower
10:37 Voodoo Lounge
13:26 Beastiary
15:22 Orc Burrow
15:26 Orc Burrow
» items
| Healing Salve | 2 | |
| Orb of Lightning | 1 | |
| Scroll of Town Portal | 1 | |
4 total

»
neutral (
blue | 33 APM | 543 actions | 16:34)
» actions
| Basic commands | 9 | |
| Build / train | 99 | |
| Enter build submenu | 13 | |
| Remove unit from queue | 1 | |
| Right click | 175 | |
| Select / deselect | 217 | |
| Use ability | 29 | |
543 total
» units
» buildings
» build order
01:01 Moon Well
02:06 Moon Well
02:56 Moon Well
04:00 Moon Well
05:03 Moon Well
05:08 Moon Well
06:53 Tree of Life
06:57 Tree of Life
07:18 Tree of Life
Chat log
(00:02 / All) neutral: u guys won
(00:06 / All) neutral: purple has map ahck
(00:09 / All) neutral: and i stab hackers
(00:16 / All) Gn[o]me: lol this kid is so funny
(00:17 / All) neutral: gunan get a soda
(00:18 / All) Twos: good man
(00:19 / All) IMJAMESBEOND.: lawl
(00:20 / All) BanditsOf4v4RT: Well I'm a hacker too
(00:22 / All) BanditsOf4v4RT: if you tk him
(00:24 / All) BanditsOf4v4RT: you can't kill me
(00:26 / All) neutral: i dont need hack to play a dead ass decade old game
(00:28 / All) Crossed.Keys: everyone on bnet has map hack
(00:29 / All) BanditsOf4v4RT: that's quite the dilemma now isn't it?
(00:30 / All) choimungu: gj
(00:32 / All) Crossed.Keys: don't you know
(00:42 / All) Gn[o]me: this kid is quite fun
(00:47 / All) neutral: i will just mass wisps
(00:51 / Allies) neutral: to feed your heros
(00:55 / All) neutral: to feed your ehros
(00:57 / All) neutral: bottom base
(00:59 / All) BanditsOf4v4RT: you probably suck so bad that's an improvement of your usual build
(01:14 / All) Gn[o]me: Yes he suck very abd
(01:18 / All) Gn[o]me: i raped his anus
(01:22 / All) Gn[o]me: thats why hes so mad
(01:24 / All) neutral: not one time
(01:30 / All) neutral: i stab him every time hes an allie
(01:35 / All) neutral: he pings in fog of war
(01:41 / All) neutral: lmao he needs it to compete
(01:43 / All) BanditsOf4v4RT: anyone can ping in fog of war
(01:56 / All) choimungu: google fog clicker
(02:03 / All) neutral: so i assume pinks a hacker then also defending another hacker
(02:11 / Allies) koolfi: yea tk him instead
(02:12 / All) choimungu: pink hacker
(02:22 / All) BanditsOf4v4RT: that set off your fog click didn't it?
(02:48 / All) IMJAMESBEOND.: i sense a lot of arrogance among us 8
(02:51 / All) IMJAMESBEOND.: more than the usual
(03:07 / All) neutral: usually i dont mind a hacker
(03:11 / All) neutral: but purple speaks like hes good
(03:15 / All) neutral: when its all hack
(03:24 / All) Gn[o]me: mad kid XD
(03:28 / All) neutral: man cant remember ever doin 100 wisps
(03:33 / Allies) koolfi: do something useful
(03:35 / Allies) koolfi: dumb honky
(03:39 / Allies) neutral: i am
(03:43 / Allies) neutral: im feedin enemy ina sec
(03:46 / Allies) neutral: u can stay yellow
(03:47 / Allies) koolfi: eating dogshit?
(03:51 / Allies) koolfi: stfu inbred faggot
(03:52 / Allies) neutral: sorry but purple hacks so he gets a loss
(03:59 / Allies) koolfi: lmao typical shitfed american
(04:06 / Allies) koolfi: sorry you eat dick?
(04:19 / All) neutral: sad thing is
(04:21 / All) neutral: i know green
(04:24 / All) neutral: and he does hack
(04:30 / All) Twos: wut
(04:31 / All) neutral: he and i are friends
(04:36 / All) BanditsOf4v4RT: 2 hackers our team, 1 yours
(04:39 / All) BanditsOf4v4RT: why not try as hard as you can
(04:41 / All) Twos: ronda
(04:42 / All) Twos: ?
(04:48 / All) neutral: si
(04:55 / All) Twos: lies
(05:02 / All) Twos: i dont know any ronda
(05:18 / All) neutral: i said yes to his comment 2 hackers we have 1 idiot
(05:28 / All) Twos: u dont know me
(05:31 / All) BanditsOf4v4RT: who is the idiot?
(05:32 / All) Gn[o]me: why is this kid so mad?
(05:33 / All) Gn[o]me: lol
(05:33 / All) neutral: yes i do
(05:37 / All) neutral: but its ok green
(05:38 / All) Twos: how
(05:46 / All) neutral: use hack to feel competent ina dead ass game
(05:53 / All) IMJAMESBEOND.: christ everyone shut up there is too much trash talking
(06:02 / All) neutral: your 1 loss green is from me stabbing u
(06:07 / All) neutral: aaah it felt good
(06:18 / All) Twos: what loss...
(07:41 / Allies) IMJAMESBEOND.: help purp i dont have shit
(08:01 / Allies) koolfi: 1.3K gold on purp
(08:02 / Allies) koolfi: no units on teal
(08:10 / Allies) koolfi: both yall might be worse than blue
(08:23 / Allies) neutral: and they are trying
(08:25 / Allies) neutral: which is sad
(08:29 / Allies) neutral: im fuckin around
(08:31 / Allies) koolfi: dont type
(08:37 / Allies) neutral: lamo
(08:40 / Allies) neutral: sure
(09:39 / Allies) koolfi: want that shoved up your ass boy?
(09:53 / Allies) koolfi: purp
(10:22 / Allies) koolfi: teal come
(10:29 / All) BanditsOf4v4RT: Blue you said you'd feed our heroes?
(10:33 / All) BanditsOf4v4RT: If so I will accept your offering
(10:37 / All) neutral: come to bottom base
(10:41 / All) neutral: i said thatn
(11:40 / All) BanditsOf4v4RT: damn those moon wells make it take a while
(11:49 / All) neutral: well u gotta earn it
(12:07 / Allies) koolfi: tp teal
(12:12 / Allies) IMJAMESBEOND.: me
(12:14 / Allies) koolfi: useless fucking moron
(12:21 / Allies) koolfi: you have aa
(12:41 / Allies) koolfi: tp dumb nigger
(14:01 / All) BanditsOf4v4RT: leave some for me lawl
(14:11 / All) koolfi: teal still eating shit
(14:18 / All) koolfi: like his day job in his base lmao
(14:21 / All) IMJAMESBEOND.: hes getting pisssed at me
(14:27 / All) koolfi: 2 dumbass niggers on this team lmao
(14:30 / All) koolfi: must be from chicago
(14:36 / All) Twos: LOL
(14:59 / All) neutral: purples creepin now?
(15:06 / All) neutral: with casters vs golems?
(15:07 / All) koolfi: all caps no spaces, shit playstyle shit english
(15:22 / All) koolfi: its no joke being uneducated
(15:23 / All) BanditsOf4v4RT: rock golems take extra damage from magic dealing units
(15:24 / All) Twos: u dont know me
(15:28 / All) BanditsOf4v4RT: they're only immune to spells
(16:02 / All) Crossed.Keys: well
(16:06 / All) Crossed.Keys: that didn't work out too well lawl
(16:14 / All) Crossed.Keys: all 3 sappers dead
(16:25 / All) Gn[o]me: :)
(16:29 / All) BanditsOf4v4RT: purp feeding me too?
(16:29 / All) neutral: hah my trees bitch slapped purple
(16:42 / All) Gn[o]me: Yes
(16:43 / All) Gn[o]me: :)
(17:01 / All) BanditsOf4v4RT: you could just play normally if you wanted to feed me you know
(17:04 / Allies) koolfi: im taking that mine
(17:07 / All) Twos: REKT
(17:22 / All) Gn[o]me: Well that kid was so mad cuz i raped him so bad
(17:28 / All) Twos: OBVI
(17:30 / All) Gn[o]me: and calling him a newb :)
(17:40 / All) Gn[o]me: Gg
(17:46 / All) Crossed.Keys: lol
(17:57 / All) koolfi: teal doesnt have a job or go to school
(18:03 / All) Twos: NEET
(18:04 / All) Crossed.Keys: He almost got away with it, if not for that pesky searing arrow
(18:05 / All) koolfi: he'll entertain you the rest of the time
(18:18 / Allies) koolfi: enjoy staying a shitfed deadbeat lmao
(19:00 / All) choimungu: fucking mh tker
(19:10 / All) choimungu: and noob also lol
(19:11 / All) BanditsOf4v4RT: who?
(19:18 / All) choimungu: cant even tk
(20:04 / All) BanditsOf4v4RT: hero focusing faggot
(20:15 / All) BanditsOf4v4RT: can't even get invul pots on this map either
(21:23 / All) choimungu: lol
(24:13 / All) IMJAMESBEOND.: u are a bd boy red
(26:26 / All) IMJAMESBEOND.: permission to use quake?
(26:42 / All) Crossed.Keys: Go for it
(26:47 / All) choimungu: granted
(27:47 / All) IMJAMESBEOND.: im fairly sure green was hacking
(27:52 / All) IMJAMESBEOND.: possibly red, likely purple too
(28:53 / All) IMJAMESBEOND.: are we friends red
(29:04 / All) Twos: this is the dumbest most autistic thing i think i have ever seen on here
(29:11 / All) IMJAMESBEOND.: lol
(29:25 / All) IMJAMESBEOND.: wut is mr green talking about
(29:51 / All) Twos: autism OP
(30:07 / All) Crossed.Keys: autism is the new buzz word
(30:27 / All) Crossed.Keys: it's the new age retard
(30:47 / All) IMJAMESBEOND.: peasants raped my sapp
(31:22 / All) Crossed.Keys: two health stones
(31:28 / All) IMJAMESBEOND.: am i the only one who likes sansa stark more than ayra stark
(32:34 / All) IMJAMESBEOND.: y did green call u autistic
(33:00 / All) Crossed.Keys: he didn't call me autistic
(33:05 / All) Crossed.Keys: he said what we did was autistic
(33:17 / All) Crossed.Keys: because it's a generic term now
(33:23 / All) IMJAMESBEOND.: im afraid i dont see the discrepancy
(33:34 / All) IMJAMESBEOND.: green can you elaborate
(33:44 / All) BanditsOf4v4RT: Anything to say to yourself green?
(33:49 / All) BanditsOf4v4RT: for yourself even
(34:23 / All) Crossed.Keys: Green you can buy this Warcraft win
(34:27 / All) Crossed.Keys: 10 American dollars
(34:35 / All) BanditsOf4v4RT: $5 to me and my pal orange
(34:40 / All) BanditsOf4v4RT: 2 easy payments of $5
(34:45 / All) Crossed.Keys: $5 each
(35:03 / All) Crossed.Keys: Red you can step up to the plate and be the big hero
(35:19 / All) BanditsOf4v4RT: they barely killed it in time to save that peasant
(35:56 / All) Crossed.Keys: Dear red and green, allies,
(36:02 / All) IMJAMESBEOND.: they are here
(36:04 / All) IMJAMESBEOND.: guarantee it
(36:08 / All) Crossed.Keys: you can purchase this Warcraft win for the low price of $5
(36:16 / All) Crossed.Keys: x2
(36:19 / All) BanditsOf4v4RT: this is like a custom map
(36:25 / All) BanditsOf4v4RT: hungry kodos chasing human workers
(36:34 / All) IMJAMESBEOND.: lawl
(36:46 / All) IMJAMESBEOND.: YELLOW was getting pissed at me big time
(36:49 / All) Crossed.Keys: custom games used to be the shit
(36:56 / All) Crossed.Keys: before the dota days
(36:59 / All) IMJAMESBEOND.: i only loved angel arena
(37:28 / All) BanditsOf4v4RT: That peasant is forever grateful
(37:31 / All) BanditsOf4v4RT: He owes his life to you
(38:21 / All) IMJAMESBEOND.: i cant devour when banished thats gay
(38:26 / All) BanditsOf4v4RT: lawl
(38:35 / All) Crossed.Keys: you're incorporeal, how can you eat
(38:41 / All) IMJAMESBEOND.: unstoppable little foot army coming up
(38:54 / All) IMJAMESBEOND.: sarah ducky peetry and little foot to the rescue
(39:21 / All) Crossed.Keys: Warcraft win for sell
(39:24 / All) Crossed.Keys: 2 minutes to confer
(39:31 / All) Crossed.Keys: red and green, talk amongst yourselves
(39:32 / All) BanditsOf4v4RT: 2 payments of $5
(39:37 / All) IMJAMESBEOND.: lol
(39:39 / All) BanditsOf4v4RT: 2 easy payments of 5 american dollars
(40:56 / All) IMJAMESBEOND.: or u can ask for amazon credit like i did
(41:00 / All) IMJAMESBEOND.: over pay pal
(41:07 / All) Crossed.Keys: Guess they're just too cheap
(41:15 / All) Crossed.Keys: they don't want the win badly enough
(41:24 / All) Crossed.Keys: Good luck finding a good clan with that attitude, skinflints
(41:47 / All) BanditsOf4v4RT: Or a 4v4 win, for that matter
(41:53 / All) BanditsOf4v4RT: these days you gotta pay up to get an icon
(42:01 / All) BanditsOf4v4RT: 50 easy payments of $5 for an icon from us, guaranteed